 Dungeon Crawl Stone Soup version 0.30-a0-900-g23479c02f2 (webtiles) character file.

Game seed: 14911733938680437721

43 NotreDorf the Stinger (level 3, -4/26 HPs)
             Began as a Merfolk Venom Mage on Mar 18, 2023.
             Slain by a gnoll
             ... wielding a +0 club
              (6 damage)
             ... on level 1 of the Dungeon.
             The game lasted 00:04:38 (1089 turns).

NotreDorf the Stinger (Merfolk Venom Mage)          Turns: 1089, Time: 00:04:38

Health: -4/26      AC:  2    Str:  8    XL:     3   Next: 58%
Magic:  0/6        EV: 13    Int: 16    God:
Gold:   78         SH:  0    Dex: 14    Spells: 0/6 levels left

rFire   . . .      SeeInvis .    e - +0 spear
rCold   . . .      Faith    .    (no shield)
rNeg    . . .      Spirit   .    a - +0 robe
rPois   .          Reflect  .    (no helmet)
rElec   .          Rampage  .    (no cloak)
rCorr   .                        (no gloves)
Will    .....                    (no boots)
Stlth   ++                       (no amulet)
HPRegen 0.24/turn                (no ring)
MPRegen 0.10/turn                (no ring)

@: no status effects
A: (nimble swimmer 2), mertail
a: no special abilities


You were on level 1 of the Dungeon.
You visited 1 branch of the dungeon, and saw 2 of its levels.

You collected 78 gold pieces.

Inventory:

Hand Weapons
 c - a +0 club
 e - a +0 spear (weapon)
Armour
 a - a +0 robe (worn)
Scrolls
 d - a scroll of fear {unknown}
 h - a scroll of enchant weapon {unknown}
Potions
 b - a potion of magic
 f - a potion of invisibility {unknown}
 g - a potion of flight {unknown}
 i - a potion of ambrosia {unknown}


   Skills:
 + Level 1.1 Fighting
 + Level 0.1 Polearms
 + Level 3.2 Dodging
 + Level 2.7 Stealth
 + Level 2.2 Spellcasting
 + Level 2.2 Transmutations
 + Level 3.6 Poison Magic


You couldn't memorise any spells.
You knew the following spells:

 Your Spells              Type           Power      Damage    Failure   Level
a - Sting                 Tmut/Pois      44%        1d5       6%          1
b - Poisonous Vapours     Pois/Air       14%        N/A       14%         2
c - Mephitic Cloud        Conj/Pois/Air  5%         N/A       36%         3

Your spell library contained the following spells:

 Spells                   Type           Power      Damage    Failure   Level
 Passwall                 Tmut/Erth      4%         N/A       19%         2
 Ensorcelled Hibernation  Hex/Ice        2%         N/A       30%         2
 Olgreb's Toxic Radiance  Pois           13%        N/A       43%         4
 Swiftness                Air            1%         N/A       52%         3


Dungeon Overview and Level Annotations

Branches:
Dungeon (2/15)

Altars:

Shops:
D:1 [


Innate Abilities, Weirdness & Mutations

((You are very nimble when in or above water. (Stealth+, EV+, Speed+++)))
Your lower body shifts to a powerful aquatic tail in water.


Message History

A kobold comes into view. It is wielding a +0 short sword.
The gnoll closely misses you.
The gnoll looks more healthy.
The gnoll hits you but does no damage. The gnoll barely misses you.
You climb upwards.
There is a stone staircase leading down here.
You hit the gnoll.
The gnoll is heavily wounded.
The gnoll completely misses you.
You completely miss the gnoll.
The gnoll is heavily wounded.
The gnoll misses you.
You closely miss the gnoll.
The gnoll is heavily wounded.
The gnoll hits you with a +0 club.
* * * LOW HITPOINT WARNING * * *
You hit the gnoll but do no damage.
The gnoll is heavily wounded.
The gnoll barely misses you.
You closely miss the gnoll.
The gnoll is heavily wounded.
The gnoll closely misses you.
You hit the gnoll but do no damage.
The gnoll is heavily wounded.
The gnoll hits you with a +0 club.
* * * LOW HITPOINT WARNING * * *
You hit the gnoll.
The gnoll is heavily wounded.
The gnoll hits you with a +0 club.
* * * LOW HITPOINT WARNING * * *
Casting: Poisonous Vapours (safe; 14% risk of failure)
Confirm with . or Enter, or press ? or * to list all spells.
Aiming: Sting (safe; 6% risk of failure)
Press: ? - help, Shift-Dir - straight line, f - gnoll
Aim: a gnoll, wielding a +0 club (heavily wounded, 75% to hit)
The sting misses the gnoll.
The gnoll closely misses you.
You hit the gnoll but do no damage.
The gnoll is heavily wounded.
The gnoll barely misses you. The gnoll hits you with a +0 club.
You die...

#.## ####...#########...##.
##.#########.........# ####.#.#..
##..................###....#...#
##.####.###..........#...>#.#.#.#
#.## #.# #.###...........#..(#..
.## #.# #.# #...####....#.#.#.#
#######.###.# #...# #......#...#
#.........#####.# #....#.#.#..
#.###.###.##..@g# ######...##.
#.###.###.##.#### ##.#....
##.##...##.##.######## #..##.##
#....................## ##......
#..[........#.#####...## ##.###.
#....###....#.####.....###..####
#...#####......................#
##.........[...####.....#.#####'#
.....#####.....# #....##.### #.#


You could see a gnoll.

Vanquished Creatures
  A gnoll (D:1)
  3 dart slugs (D:1)
  2 bats (D:1)
  2 endoplasms (D:1)
  A giant cockroach (D:1)
  3 goblins (D:1)
  2 hobgoblins (D:1)
  3 jackals (D:1)
  3 kobolds (D:1)
  3 ball pythons (D:1)
  A rat (D:1)
24 creatures vanquished.

Vanquished Creatures (others)
  4 plants (D:2)
4 creatures vanquished.

Grand Total: 28 creatures vanquished

Notes
Turn   | Place    | Note
-------+----------+-------------------------------------------
     0 | D:1      | NotreDorf the Merfolk Venom Mage began the quest for the
                  | Orb.
     0 | D:1      | Reached XP level 1. HP: 13/13 MP: 3/3
   193 | D:1      | Reached XP level 2. HP: 20/20 MP: 1/5
   264 | D:1      | Reached XP level 3. HP: 16/25 MP: 1/6
   406 | D:1      | Found Koavean's Antique Armour Shop.
   452 | D:1      | Learned a level 2 spell: Poisonous Vapours
   456 | D:1      | Learned a level 3 spell: Mephitic Cloud
   517 | D:1      | Reached skill level 1 in Fighting
  1087 | D:1      | HP: 1/26 [gnoll/+0 club (4)]
  1089 | D:1      | Slain by a gnoll

Illustrated notes

Levels and vault maps discovered:
D:1:      psy_arrival_conway, layout_loops_ring, serial_shops,
          nicolae_shop_hallway_plus, chequers_decorated_corner,
          nicolae_concentric_dashed_squares_mild
D:2:      layout_loops_ring, nicolae_grassy_gnolls

Skill      XL: |  1  2  3 |
---------------+----------+-----
Dodging        | 3 |  3.2
Transmutations | 2 |  2.2
Fighting       | 1 |  1.1
Polearms       | |  0.1
Stealth        | |  2.7
Spellcasting   | |  2.2
Poison Magic   | |  3.6

Action                     || total
---------------------------++-------
  Melee: Club              ||    12
         Unarmed           ||     1
         Spear             ||    45
   Cast: Sting             ||    15
         Poisonous Vapours ||    12
 Armour: Robe              ||    13
  Dodge: Dodged            ||    40

Table legend: (Time is in decaauts)
 A = Elapsed time spent in this place.
 B = Non-inter-level travel time spent in this place.
 C = Inter-level travel time spent in this place.
 D = Time resting spent in this place.
 E = Time spent auto-exploring this place.
 F = Levels seen in this place.
 G = Mean time per level.
                   A        B        C        D        E       F      G
               +--------+--------+--------+--------+--------+-----+--------+
         Total |   1093 |   1054 |     39 |     89 |    736 |   2 |  546.5 |
       Dungeon |   1093 |   1054 |     39 |     89 |    736 |   2 |  546.5 |
               +--------+--------+--------+--------+--------+-----+--------+

Top non-repeatable levels by time:
     D:1: 1084 daAuts
     D:2: 9 daAuts
